 Dungeon Crawl Stone Soup version 0.28-a0-938-gbc3f381ebc (webtiles) character file.

Game seed: 1723891190781501239

179214 bearlyready the Minotaur Blade (level 17, -2/163 HPs)
             Began as a Minotaur Monk on Nov 30, 2021.
             Was the Champion of Okawaru.
             Slain by the 27-headed Lernaean hydra (4 damage)
             ... on level 4 of the Swamp.
             The game lasted 01:00:23 (41936 turns).

bearlyready the Minotaur Blade (Minotaur Monk)     Turns: 41936, Time: 01:00:24

Health: -2/163     AC: 33    Str: 25    XL:     17   Next: 60%
Magic:  24/24      EV: 11    Int:  7    God:    Okawaru [******]
Gold:   3654       SH:  0    Dex: 17    Spells: 16/16 levels left

rFire   + . .      SeeInvis .   b - +1 triple sword (elec)
rCold   + . .      Faith    .   (shield currently unavailable)
rNeg    . . .      Spirit   .   p - +1 crystal plate armour
rPois   +          Reflect  .   (helmet restricted)
rElec   .          Harm     .   Z - +2 cloak {Stlth+}
rCorr   .          Rampage  .   Y - +2 pair of gloves {Dex+3}
Will    +....                   R - +0 pair of boots {Fly}
Stlth   ..........              w - amulet of Lonyd {Fragile rF+ rC+ Regen+ Str+3}
HPRegen 1.17/turn               r - +4 ring of slaying
MPRegen 0.19/turn               L - ring of poison resistance

@: flying
A: horns 2, retaliatory headbutt
a: Renounce Religion, Heroism, Finesse, Duel


You were on level 4 of the Swamp.
You worshipped Okawaru.
Okawaru was exalted by your worship.
You visited 6 branches of the dungeon, and saw 29 of its levels.
You also visited: Volcano.

You collected 4352 gold pieces.
You spent 698 gold pieces at shops.

Inventory:

Hand Weapons
 b - a +1 triple sword of electrocution (weapon)
 V - a +1 arbalest of flaming
Missiles
 c - 2 silver javelins
 d - 160 bolts
 v - 13 silver boomerangs
 D - 27 boomerangs
 H - 5 javelins (quivered)
 S - 3 throwing nets
Armour
 l - a +2 pair of boots
 p - a +1 crystal plate armour (worn)
 R - a +0 pair of boots of flying (worn)
 Y - a +2 pair of gloves of dexterity (worn)
 Z - a +2 cloak of stealth (worn)
Jewellery
 o - a ring of protection from fire
 r - a +4 ring of slaying (left hand)
 w - an amulet of Lonyd (around neck) {Fragile rF+ rC+ Regen+ Str+3}
   (You acquired it on level 3 of the Swamp)

   [amulet of regeneration]

   Str:       It affects your strength (+3).
   rF:        It protects you from fire.
   rC:        It protects you from cold.
   Regen:     It increases your rate of health regeneration.
   Fragile:   It will be destroyed if unequipped.
 F - a +4 ring of evasion
 L - a ring of poison resistance (right hand)
Wands
 k - a wand of polymorph (18)
 x - a wand of digging (5)
 y - a wand of iceblast (2)
 C - a wand of mindburst (10)
 M - a wand of acid (8)
 N - a wand of flame (43)
 O - a wand of paralysis (14)
Scrolls
 f - 17 scrolls of teleportation
 g - 5 scrolls of amnesia
 n - a scroll of torment
 t - a scroll of holy word
 z - 3 scrolls of enchant weapon
 B - 8 scrolls of enchant armour
 G - 3 scrolls of vulnerability
 I - 8 scrolls of fog
 P - 2 scrolls of blinking
 Q - 2 scrolls of silence
 W - 4 scrolls of magic mapping
Potions
 a - 3 potions of ambrosia
 e - 2 potions of cancellation
 h - 6 potions of brilliance
 i - 2 potions of lignification {unknown}
 j - 13 potions of curing
 m - 3 potions of heal wounds
 q - a potion of resistance
 s - 7 potions of haste
 u - 3 potions of invisibility
 A - 5 potions of magic
 E - 3 potions of flight
 J - 4 potions of mutation
 K - 5 potions of berserk rage
 T - 2 potions of attraction
 U - 4 potions of might
Miscellaneous
 X - a phial of floods


   Skills:
 + Level 17.8 Fighting
 - Level 22.0 Long Blades
 + Level 7.2 Throwing
 + Level 14.6 Armour
 + Level 14.0 Dodging
 - Level 1.5 Stealth
 - Level 11.1 Invocations
 - Level 6.0 Evocations


You had 16 spell levels left.
You didn't know any spells.
Your spell library contained the following spells:

 Spells                   Type           Power      Damage    Failure   Level
 Freeze                   Ice            0%         1d3       100%        1
 Ensorcelled Hibernation  Hex/Ice        0%         N/A       100%        2
 Static Discharge         Conj/Air       0%         N/A       100%        2
 Frozen Ramparts          Ice            0%         1d2       100%        3
 Fulminant Prism          Conj/Hex       0%         3d6       100%        4
 Hailstorm                Conj/Ice       0%         3d3       100%        4
 Iskenderun's Mystic Bla  Conj/Tloc      0%         2d3       100%        4
 Leda's Liquefaction      Hex/Erth       0%         N/A       100%        4
 Passage of Golubria      Tloc           0%         N/A       100%        4
 Fireball                 Conj/Fire      0%         3d3       100%        5
 Freezing Cloud           Conj/Ice/Air   0%         6-21      100%        5
 Iskenderun's Battlesphe  Conj           0%         2d6       100%        5
 Lee's Rapid Deconstruct  Erth           0%         3d5*      100%        5
 Lightning Bolt           Conj/Air       0%         1d11      100%        5
 Silence                  Hex/Air        0%         N/A       100%        5
 Yara's Violent Unravell  Hex/Tmut       0%         3d3       100%        5
 Conjure Ball Lightning   Conj/Air       0%         3x3d6     100%        6
 Dispersal                Tloc           0%         N/A       100%        6
 Statue Form              Tmut/Erth      0%         N/A       100%        6
 Orb of Destruction       Conj           0%         N/A       100%        7
 Disjunction              Tloc           0%         N/A       100%        8
 Lehudib's Crystal Spear  Conj/Erth      0%         10d2      100%        8
 Maxwell's Capacitive Co  Air            0%         ∞         100%        8
 Polar Vortex             Ice            0%         N/A       100%        9
 Tukima's Dance           Hex            Unusable   N/A       N/A         3
 Simulacrum               Ice/Necr       Unusable   N/A       N/A         6

Dungeon Overview and Level Annotations

Branches:
Dungeon (15/15)            Temple (1/1) D:5            Lair (6/6) D:10
  Swamp (4/4) Lair:3       Spider (0/4) Lair:4        Slime (0/5) Lair:6
    Orc (2/2) D:11            Elf (1/3) Orc:2        Vaults (0/5) D:14
 Depths (0/4) D:15        Volcano (visited)

Altars:
Ashenzari
Cheibriados
Dithmenos
Elyvilon
Fedhas
Gozag
Hepliaklqana
Kikubaaqudgha
Makhleb
Nemelex Xobeh
Okawaru
Qazlal
Ru
Sif Muna
Trog
Uskayaw
Vehumet
Wu Jian
Xom
Yredelemnul
Zin
The Shining One

Shops:
D:13 *   D:14 *!   Orc:2 (*:[

Portals:
Hell: Lair:6

Annotations:
D:14 3 runed translucent doors, Pesafeac's ghost, journeyman OpCj
Swamp:4 Lernaean hydra


Innate Abilities, Weirdness & Mutations

You have a pair of horns on your head.
You reflexively headbutt those who attack you in melee.


Message History

The 27-headed Lernaean hydra bites you!
The 27-headed Lernaean hydra bites you but does no damage. x2
The 27-headed Lernaean hydra barely misses you.
The 27-headed Lernaean hydra bites you but does no damage. x3
The 27-headed Lernaean hydra bites you! x2
The 27-headed Lernaean hydra bites you but does no damage. x2
The 27-headed Lernaean hydra bites you! x2
* * * LOW HITPOINT WARNING * * *
The 27-headed Lernaean hydra bites you but does no damage.
The 27-headed Lernaean hydra misses you.
The 27-headed Lernaean hydra bites you but does no damage.
The 27-headed Lernaean hydra bites you.
* * * LOW HITPOINT WARNING * * *
The 27-headed Lernaean hydra bites you but does no damage.
The 27-headed Lernaean hydra misses you.
The 27-headed Lernaean hydra bites you.
* * * LOW HITPOINT WARNING * * *
You feel yourself speed up.
The 27-headed Lernaean hydra bites you but does no damage. x3
The 27-headed Lernaean hydra barely misses you.
The 27-headed Lernaean hydra bites you.
* * * LOW HITPOINT WARNING * * *
The 27-headed Lernaean hydra bites you but does no damage.
The 27-headed Lernaean hydra bites you!
* * * LOW HITPOINT WARNING * * *
The 27-headed Lernaean hydra bites you but does no damage.
The 27-headed Lernaean hydra bites you!
* * * LOW HITPOINT WARNING * * *
The 27-headed Lernaean hydra bites you but does no damage.
The 27-headed Lernaean hydra bites you!
* * * LOW HITPOINT WARNING * * *
The 27-headed Lernaean hydra barely misses you.
The 27-headed Lernaean hydra bites you but does no damage. x4
The 27-headed Lernaean hydra bites you.
* * * LOW HITPOINT WARNING * * *
The 27-headed Lernaean hydra bites you but does no damage.
The 27-headed Lernaean hydra bites you.
* * * LOW HITPOINT WARNING * * *
The 27-headed Lernaean hydra bites you.
You die...

.≈≈♣.$≈...#...⌠#⌠.≈.#....#.♣
...≈....#.#÷#####.#####....♣
≈≈...#≈.P..(..⌠#⌠≈...≈...#.♣
≈≈§....P..($.........≈.P.'≈♣
♣..≈≈.!(.(.(...#...8.8.(.#≈♣
♣≈♣♣≈#.....(8.....(.......≈♣
♣♣♣♣≈####'#..≈#.#...#'####≈♣
≈≈.♣##....'.8.≈...(.'....##♣
≈≈.♣# #....D@..≈#.....#
≈≈..# #≈(.P≈P.(.#.....#
≈..≈# #..≈≈≈..≈≈#.....#
≈...## ###.(#.#.####...##
<.♣♣.# #≈≈≈≈≈..≈≈≈≈#####
♣♣♣♣♣♣ ♣♣♣♣♣♣♣♣♣♣♣♣♣


You could see the 27-headed Lernaean hydra.

Vanquished Creatures
  A thorn hunter (Swamp:3)
  Roxanne (Swamp:4)
  2 fenstrider witches
  Aizul (Lair:3)
  2 orc warlords
  The ghost of Spaninq the Destroyer, a journeyman DgSu (Orc:2)
  A minotaur (D:12)
  The ghost of Foxy the Gelid, a journeyman BaIE of Vehumet (D:12)
  6 bunyips
  2 dire elephants
  An eleionoma (Swamp:3)
  A fire dragon (Volcano)
  5 shambling mangroves (Swamp:3)
  2 rakshasas
  26 hydras
  2 boulder beetles
  3 centaur warriors
  A ghost crab (Swamp:1)
  3 spriggan air magi
  2 vault guards (D:14)
  A catoblepas (Lair:6)
  13 alligators
  3 dancing weapons (Elf:1)
  9 two-headed ogres
  2 death yaks
  A tengu warrior (D:14)
  A hell hog (Volcano)
  6 orc high priests (Orc:2)
  7 deep elf knights (Elf:1)
  2 spriggan berserkers (Swamp:2)
  A sixfirhy (Lair:6)
  7 spriggan druids
  12 swamp dragons
  3 goliath frogs
  15 bog bodies
  2 deep elf archers (Elf:1)
  4 necromancers
  2 wizards
  11 orc knights
  12 deep elf pyromancers
  A salamander (D:15)
  An ugly thing (D:12)
  9 deep elf zephyrmancers (Elf:1)
  5 orc sorcerers (Orc:2)
  A cyclops (shapeshifter) (D:10)
  8 cyclopes
  2 manticores
  2 will-o-the-wisps (Swamp:3)
  28 elephants
  9 black mambas
  A torpor snail (Lair:3)
  2 molten gargoyles (Volcano)
  2 orange demons (Lair:6)
  Psyche (D:9)
  10 cane toads
  4 rime drakes
  An unseen horror (D:13)
  13 komodo dragons
  A tengu conjurer (D:14)
  3 ice devils (Lair:6)
  A hellwing (Lair:6)
  9 trolls
  A red devil (Lair:6)
  6 polar bears
  12 tyrant leeches
  7 slime creatures
  23 hornets
  5 dream sheep (Lair:5)
  13 blink frogs
  A centaur simulacrum (D:15)
  12 spriggans
  2 vampires
  3 redbacks (Lair:4)
  38 yaks
  A wraith (D:14)
  Eustachio (D:6)
  4 fire bats (Volcano)
  6 wyverns
  A human (shapeshifter) (D:13)
  19 humans (D:14)
  A water elemental (Elf:1)
  A fire elemental (Elf:1)
  4 basilisks
  4 vampire mosquitoes (D:12)
  4 steam dragons
  3 wargs
  11 swamp worms
  8 hell hounds
  4 acid dragons (D:12)
  20 water moccasins
  40 orc warriors
  2 elephant zombies (Lair:3)
  12 swamp drakes
  4 black bears
  A sky beast (D:6)
  10 ogres
  10 wolves
  16 centaurs
  Blork the orc (D:4)
  A kobold brigand (D:10)
  A komodo dragon zombie (Lair:3)
  14 bullfrogs
  2 gnoll sergeants
  8 scorpions
  A wyvern skeleton (D:5)
  A water moccasin skeleton (D:5)
  8 killer bees (D:10)
  3 wights (D:8)
  7 electric eels
  A centaur zombie (D:4)
  7 howler monkeys
  6 jellies
  5 lava snakes (Volcano)
  2 hounds
  7 orc priests
  An iguana (D:6)
  2 hell rats (Lair:5)
  24 orc wizards
  Robin (D:3)
  13 gnolls
  A howler monkey skeleton (D:7)
  5 adders
  7 river rats (Lair:5)
  An ufetubus (D:5)
  An adder skeleton (D:4)
  A worm (D:4)
  3 dart slugs
  78 orcs
  3 bats
  10 endoplasms
  A giant cockroach (D:4)
  9 goblins
  10 hobgoblins
  3 jackals (D:2)
  6 quokkas
  6 ball pythons
  4 frilled lizards
  9 kobolds
  A quokka skeleton (D:4)
  A rat (Lair:5)
878 creatures vanquished.

Vanquished Creatures (others)
  3 bloated husks
  A shadow (D:13)
  2 orc wizards
  12 foxfires (Swamp:3)
  83 fungi
  64 plants
165 creatures vanquished.

Grand Total: 1043 creatures vanquished

Notes
Turn   | Place    | Note
-------+----------+-------------------------------------------
     0 | D:1      | bearlyready the Minotaur Monk began the quest for the Orb.
     0 | D:1      | Reached XP level 1. HP: 19/19 MP: 0/0
   246 | D:1      | Reached skill level 4 in Long Blades
   513 | D:1      | Reached XP level 2. HP: 25/26 MP: 1/1
   692 | D:1      | Found a faded altar of an unknown god.
  1077 | D:2      | Reached skill level 5 in Long Blades
  1340 | D:2      | Reached XP level 3. HP: 27/31 MP: 2/2
  2132 | D:3      | Reached XP level 4. HP: 39/39 MP: 3/3
  2145 | D:3      | Reached skill level 6 in Long Blades
  2176 | D:3      | Noticed Robin
  2481 | D:3      | Killed Robin
  3000 | D:4      | Noticed a scorpion
  3013 | D:3      | Killed a scorpion
  3014 | D:3      | Reached skill level 7 in Long Blades
  3014 | D:3      | Reached XP level 5. HP: 29/45 MP: 4/4
  3537 | D:4      | Noticed Blork the orc
  3545 | D:4      | Killed Blork the orc
  3546 | D:4      | Reached skill level 8 in Long Blades
  3546 | D:4      | Reached XP level 6. HP: 34/51 MP: 5/5
  3811 | D:4      | Found a sparkling altar of Nemelex Xobeh.
  3830 | D:4      | Reached skill level 9 in Long Blades
  3981 | D:5      | Entered Level 5 of the Dungeon
  4004 | D:5      | Found a staircase to the Ecumenical Temple.
  4014 | D:5      | Reached XP level 7. HP: 35/57 MP: 6/6
  4029 | Temple   | Entered the Ecumenical Temple
  4278 | Temple   | Became a worshipper of Warmaster Okawaru
  4278 | Temple   | Reached * piety under Okawaru
  4278 | Temple   | Reached ** piety under Okawaru
  4357 | D:5      | Found a broken altar of Ashenzari.
  4539 | D:5      | Reached skill level 10 in Long Blades
  4555 | D:5      | Reached skill level 1 in Invocations
  5372 | D:5      | Reached XP level 8. HP: 49/64 MP: 9/9
  5883 | D:6      | Noticed a two-headed ogre
  5896 | D:6      | Killed a two-headed ogre
  5896 | D:6      | Reached *** piety under Okawaru
  5897 | D:6      | Reached skill level 11 in Long Blades
  5897 | D:6      | Reached skill level 5 in Invocations
  6242 | D:6      | Noticed Eustachio
  6249 | D:6      | Killed Eustachio
  6250 | D:6      | Reached skill level 12 in Long Blades
  6663 | D:6      | Reached XP level 9. HP: 70/70 MP: 12/12
  7073 | D:7      | Reached **** piety under Okawaru
  7447 | D:7      | Reached skill level 13 in Long Blades
  7820 | D:7      | Found a basalt altar of Yredelemnul.
  7981 | D:8      | Paralysed by a hornet for 1 turns
  7984 | D:8      | Reached skill level 1 in Throwing
  8980 | D:9      | Noticed Psyche
  8980 | D:9      | Noticed a troll
  8987 | D:9      | Killed a troll
  8993 | D:9      | Killed Psyche
  8993 | D:9      | Reached ***** piety under Okawaru
  8994 | D:9      | Reached skill level 14 in Long Blades
  8994 | D:9      | Reached XP level 10. HP: 67/77 MP: 11/15
  9337 | D:9      | Paralysed by a hornet for 1 turns
  9723 | D:9      | Noticed a two-headed ogre
  9735 | D:9      | Killed a two-headed ogre
  9735 | D:9      | Received a gift from Okawaru
  9858 | D:9      | Found a blossoming altar of Fedhas.
  9912 | D:10     | Entered Level 10 of the Dungeon
  9935 | D:10     | Found a staircase to the Lair.
  9939 | D:10     | Noticed a fire crab
  9939 | D:10     | a shapeshifter changed into a fire crab
 10178 | D:9      | Reached skill level 15 in Long Blades
 10388 | D:10     | Reached skill level 10 in Invocations
 10401 | D:10     | Noticed a cyclops
 10413 | D:10     | Killed a cyclops
 10586 | D:10     | Found a hide-covered altar of Uskayaw.
 11089 | D:11     | Noticed a cyclops
 11110 | D:11     | Noticed a two-headed ogre
 11116 | D:10     | Reached XP level 11. HP: 40/82 MP: 18/18
 11837 | D:10     | Reached skill level 16 in Long Blades
 11873 | D:11     | Killed a two-headed ogre
 12738 | D:11     | Reached skill level 5 in Fighting
 13161 | D:11     | Found a staircase to the Orcish Mines.
 13249 | D:12     | Found a runed translucent gate.
 13250 | D:12     | Found a runed translucent gate.
 13251 | D:12     | Found a runed translucent gate.
 13253 | D:12     | Noticed a minotaur
 13257 | D:12     | Noticed Foxy's ghost (journeyman BaIE)
 13316 | D:12     | Noticed a cyan ugly thing
 13332 | D:12     | Killed a cyan ugly thing
 13332 | D:12     | Received a gift from Okawaru
 13913 | D:13     | Reached skill level 17 in Long Blades
 13913 | D:13     | Reached skill level 1 in Armour
 14184 | D:13     | Found Tokeet's General Store.
 14191 | D:13     | Bought a scroll of fog for 30 gold pieces
 14191 | D:13     | Bought a scroll of fog for 30 gold pieces
 14191 | D:13     | Bought a potion of curing for 45 gold pieces
 14191 | D:13     | Bought a scroll of identify for 30 gold pieces
 14191 | D:13     | Bought a scroll of identify for 30 gold pieces
 14293 | D:13     | Noticed a deep elf pyromancer
 14300 | D:13     | Killed a deep elf pyromancer
 14731 | D:13     | Noticed a centaur warrior
 14737 | D:13     | Received a gift from Okawaru
 14742 | D:13     | Killed a centaur warrior
 14743 | D:13     | Reached XP level 12. HP: 67/101 MP: 19/19
 15016 | D:14     | Reached skill level 5 in Dodging
 15117 | D:14     | Noticed a tengu warrior
 15172 | D:14     | Killed a tengu warrior
 15375 | D:14     | Reached skill level 5 in Armour
 15619 | D:14     | Found a gate to the Vaults.
 15619 | D:14     | Noticed a vault guard
 15619 | D:14     | Noticed a vault guard
 15642 | D:14     | Killed a vault guard
 15651 | D:14     | Killed a vault guard
 15665 | D:14     | Reached ****** piety under Okawaru
 15732 | D:14     | Noticed a boulder beetle
 15737 | D:14     | Found a runed translucent gate.
 15737 | D:14     | Found a runed translucent gate.
 15737 | D:14     | Found a runed translucent gate.
 15738 | D:14     | Found an opulent altar of Gozag.
 15742 | D:14     | Killed a boulder beetle
 15743 | D:14     | Reached skill level 18 in Long Blades
 15893 | D:14     | Noticed Pesafeac's ghost (journeyman OpCj)
 15893 | D:14     | Noticed a seven-headed hydra
 15894 | D:14     | Noticed a tengu reaver
 15895 | D:14     | Noticed a rakshasa
 16144 | D:14     | Received a gift from Okawaru
 16390 | D:14     | Reached skill level 10 in Fighting
 16410 | D:14     | Killed a rakshasa
 16546 | D:14     | Found Wowniwoilume's Distillery.
 16554 | D:14     | Bought a potion of curing for 45 gold pieces
 16554 | D:14     | Bought a potion of might for 60 gold pieces
 16554 | D:14     | Bought a potion of heal wounds for 75 gold pieces
 16633 | D:14     | Found Ziji's Assorted Antiques.
 16644 | D:15     | Entered Level 15 of the Dungeon
 16664 | D:15     | Noticed a boulder beetle
 16668 | D:15     | Killed a boulder beetle
 16763 | D:15     | Reached XP level 13. HP: 44/113 MP: 20/20
 16855 | Lair:1   | Entered Level 1 of the Lair of Beasts
 16919 | Lair:1   | Found a dark tunnel.
 16959 | Volcano  | Entered a volcano
 17464 | Volcano  | Found a burning altar of Makhleb.
 17573 | Volcano  | Noticed a fire dragon
 17582 | Volcano  | Killed a fire dragon
 19309 | Lair:2   | Received a gift from Okawaru
 20245 | Lair:3   | Reached skill level 1 in Evocations
 20926 | Lair:3   | Reached skill level 19 in Long Blades
 21356 | Lair:3   | Found a staircase to the Swamp.
 21602 | Lair:4   | Found a hole to the Spider Nest.
 22056 | Lair:4   | Identified the +1 ring mail of Zenyely {Int+5 Dex+4}
 22125 | Lair:6   | Entered Level 6 of the Lair of Beasts
 22173 | Lair:6   | Reached XP level 14. HP: 111/125 MP: 21/21
 22462 | Lair:6   | Reached skill level 10 in Armour
 22677 | Lair:6   | Reached skill level 10 in Dodging
 23300 | Lair:6   | Received a gift from Okawaru
 23383 | Lair:6   | Found a burning altar of Makhleb.
 23864 | Lair:6   | Found a staircase to the Slime Pits.
 24174 | Lair:6   | Reached skill level 5 in Evocations
 24303 | Lair:6   | Found a gateway to Hell.
 24749 | Lair:5   | Identified the +9 great sword of Winter {freeze, *Rage
                  | rPois Int+3}
 26032 | Lair:4   | Reached XP level 15. HP: 116/136 MP: 22/22
 26240 | Lair:4   | Received a gift from Okawaru
 26735 | D:12     | Killed Foxy's ghost
 27107 | D:14     | Identified the +3 scale mail of Morality {rC- rN++}
 27150 | D:15     | Found a staircase to the Depths.
 27777 | D:15     | Received a gift from Okawaru
 28394 | Orc:1    | Entered Level 1 of the Orcish Mines
 29234 | Orc:2    | Entered Level 2 of the Orcish Mines
 29237 | Orc:2    | Found a staircase to the Elven Halls.
 30024 | Orc:2    | Noticed an orc warlord
 30062 | Orc:1    | Killed an orc warlord
 30913 | Orc:2    | Found Pynipt's Book Shop.
 31226 | Orc:2    | Found Uwalurgh's Antique Armour Shop.
 31234 | Orc:2    | Bought a pair of runed boots for 225 gold pieces
 31394 | Orc:2    | Found a transporter.
 31397 | Orc:2    | Noticed Spaninq's ghost (journeyman DgSu)
 31446 | Orc:2    | Found Wanefo's Antique Weapon Boutique.
 31721 | Orc:2    | Found Famaud's General Store.
 31731 | Orc:2    | Bought a potion of curing for 48 gold pieces
 31731 | Orc:2    | Bought a scroll of teleportation for 48 gold pieces
 31731 | Orc:2    | Bought a scroll of identify for 32 gold pieces
 31879 | Orc:2    | Found a transporter.
 31968 | Orc:2    | Reached skill level 20 in Long Blades
 31969 | Orc:2    | Received a gift from Okawaru
 32060 | Orc:2    | Killed Spaninq's ghost
 32128 | Elf:1    | Entered Level 1 of the Elven Halls
 32415 | Elf:1    | Reached skill level 15 in Fighting
 32646 | Elf:1    | Reached XP level 16. HP: 71/149 MP: 23/23
 33086 | Elf:1    | Received a gift from Okawaru
 33400 | Elf:1    | Received a gift from Okawaru
 33996 | Swamp:1  | Entered Level 1 of the Swamp
 33996 | Swamp:1  | Noticed Aizul
 34014 | Lair:3   | Killed Aizul
 35074 | Swamp:1  | Acquired 1199 gold pieces
 35239 | Swamp:1  | Identified the +11 dagger "Gourph" {flame, +Blink rF+ Str+2
                  | Int+4}
 35761 | Swamp:2  | Received a gift from Okawaru
 37097 | Swamp:2  | Paralysed by a fenstrider witch for 6 turns
 37684 | Swamp:2  | Identified the +5 plate armour "Batzu" {Str+4}
 37693 | Swamp:2  | Identified the +2 leather armour of Lugonu's Condemnation
                  | {-Tele MP+9 Str+2}
 37908 | Swamp:2  | Reached skill level 21 in Long Blades
 37941 | Swamp:2  | Received a gift from Okawaru
 39760 | Swamp:3  | Reached XP level 17. HP: 124/160 MP: 24/24
 39806 | Swamp:3  | Reached skill level 5 in Throwing
 40097 | Swamp:3  | Acquired an amulet of Lonyd {Fragile rF+ rC+ Regen+ Str+3}
 40356 | Swamp:3  | Paralysed by a fenstrider witch for 6 turns
 40598 | Swamp:3  | Received a gift from Okawaru
 40822 | Swamp:3  | Paralysed by a hornet for 2 turns
 41064 | Swamp:4  | Entered Level 4 of the Swamp
 41174 | Swamp:4  | Noticed Roxanne
 41193 | Swamp:4  | Killed Roxanne
 41251 | Swamp:4  | Received a gift from Okawaru
 41554 | Swamp:4  | Reached skill level 22 in Long Blades
 41619 | Swamp:4  | Noticed the 27-headed Lernaean hydra
 41936 | Swamp:4  | HP: 6/163 [the 27-headed Lernaean hydra (5)]
 41936 | Swamp:4  | HP: 2/163 [the 27-headed Lernaean hydra (4)]
 41936 | Swamp:4  | Slain by the 27-headed Lernaean hydra

Illustrated notes

Levels and vault maps discovered:
D:1:      matt_arrival_refuge, layout_loops_cross, ebering_ecumenical_altar_rust
D:2:      layout_rooms
D:3:      layout_basic, uniq_robin
D:4:      layout_rooms, mainiacjoe_overflow_alcove_1, uniq_blork_the_orc
D:5:      layout_basic, nicolae_ashenzari_skybound,
          minmay_temple_entry_glassed_door
D:6:      layout_rooms, uniq_eustachio
D:7:      layout_loops_ring, lemuel_coloured_pillars_altar,
          minmay_a_box_with_orc_wizards_in_it
D:8:      layout_loops_ring, hangedman_decor_growths, minmay_misc_feat_cross
D:9:      layout_roguey, fedhas_altar_4, uniq_psyche
D:10:     layout_gridville, general_overflow_altar, due_lair_maze_entry_diamond
D:11:     layout_layer_cave, orc_0_dummy
D:12:     layout_roguey, maelrawn_ghost_gauntlet_escape
D:13:     layout_basic, serial_shops, shop, special_room [special_room_orc],
          kennysheep_decorative_pillar, skrybe_limestone_x
D:14:     layout_rooms, grunt_vaults_entry_tiered, serial_shops,
          nicolae_shop_waterfront, ebering_ghost_gozag,
          nicolae_straight_to_the_point
D:15:     hangedman_depths_entry_try_elsewhere_first, layout_basic,
          hangedman_decor_slide_cut
Temple:   minmay_crystal_spiral_temple
Lair:1:   layout_cave_pods, enter_volcano_3, grunt_megastairs_3,
          lemuel_fruit_tree
Lair:2:   layout_big_grid, chequers_serial_rivers_small_3,
          cheibrodos_lair_lostbears
Lair:3:   pond_and_an_island_with_a_cottage, layout_gridlike,
          palyth_hydra_swamp_entry, gauntlet_entry_generic,
          dpeg_stationary_puzzle
Lair:4:   layout_roguey, spider_nest_entry_webs, infiniplex_staircase_pool_2
Lair:5:   layout_cave_pods, st_stairs_10, kennysheep_rathole
Lair:6:   evil_forest, layout_cave_shapes, nicolae_slime_entry_slimehenge,
          columned_hall_lemuel, infiniplex_staircase_pool
Swamp:1:  layout_basic_swamp, nicolae_swamp_decorative_isthmus, uniq_aizul
Swamp:2:  nicolae_swamp_standing_stones, layout_basic_swamp,
          evilmike_swamp_ruin_house_5, water_boxes_lemuel
Swamp:3:  nzn_winding_woodlands_three_and_one
          [nzn_winding_woodlands_5x15_default,
          nzn_winding_woodlands_5x15_longhouse,
          nzn_winding_woodlands_5x15_parted,
          nzn_winding_woodlands_center_lodge], layout_basic_swamp,
          serial_swamp_ruin, evilmike_swamp_ruin_wall,
          evilmike_swamp_ruin_house_4, swamp_pool5
Swamp:4:  grunt_swamp_rune_castle, layout_basic_swamp, uniq_roxanne
Orc:1:    layout_caves
Orc:2:    grunt_orc_gardens, layout_caves, grunt_orc_garden, grunt_orc_garden,
          grunt_orc_garden, grunt_orc_garden, gammafunk_ghost_smash
Elf:1:    eino_elf_arrival_the_gate, layout_gridlike, special_room
          [special_room_orc], serial_shops, nicolae_lakefront_shop,
          gammafunk_ghost_wrathful_warriors, minmay_elf_sorcery, uniq_azrael,
          uniq_agnes

Skill      XL: |  1  2  3  4  5  6  7  8  9 10 11 12 13 14 15 16 17 |
---------------+----------------------------------------------------+-----
Long Blades    | 4 5 7 8 9 10 12 14 15 17 18 19 20 21 22 | 22.0
Invocations    | 3 6 8 10 11 | 11.1
Throwing       | 1 4 7 |  7.2
Fighting       | 8 10 11 13 15 16 17 | 17.8
Armour         | 3 7 9 11 13 14 | 14.6
Dodging        | 4 7 9 11 12 13 14 | 14.0
Evocations     | 2 5 6 |  6.0
Stealth        | |  1.5

Action                   |  1- 3 |  4- 6 |  7- 9 | 10-12 | 13-15 | 16-18 || total
-------------------------+-------+-------+-------+-------+-------+-------++-------
Melee: Falchion          |    51 |       |       |       |       |       ||    51
       Headbutt          |     8 |     9 |    39 |    80 |   243 |   170 ||   549
       Scimitar          |    28 |    80 |   107 |       |       |       ||   215
       Punch             |       |       |     1 |       |       |       ||     1
       Great sword       |       |       |    88 |   409 |   596 |       ||  1093
       Triple sword      |       |       |       |       |   405 |   588 ||   993
       Unarmed           |       |       |       |       |    16 |       ||    16
Throw: Dart              |       |     1 |     5 |    23 |     4 |       ||    33
       Throwing net      |       |       |       |       |     3 |       ||     3
       Boomerang         |       |       |       |       |       |    66 ||    66
       Javelin           |       |       |       |       |       |     4 ||     4
Invok: Heroism           |       |       |     2 |     1 |     2 |     2 ||     7
       Finesse           |       |       |       |       |     1 |       ||     1
Evoke: Wand              |       |       |       |     4 |    29 |    21 ||    54
       Phial of floods   |       |       |       |       |       |     1 ||     1
  Use: Potion            |       |     1 |     1 |       |     5 |     8 ||    15
       Scroll            |       |       |       |    18 |    16 |    13 ||    47
 Stab: Sleeping          |     2 |     3 |       |     1 |     1 |       ||     7
       Paralysed         |       |       |       |     5 |     2 |     4 ||    11
       Confused          |       |       |       |       |       |     1 ||     1
       Distracted        |       |       |       |       |       |     1 ||     1
Armor: Robe              |    11 |     8 |       |       |       |       ||    19
       Ring mail         |       |     7 |     2 |       |       |       ||     9
       Scale mail        |       |       |    33 |    31 |       |       ||    64
       Troll leather arm |       |       |       |    28 |       |       ||    28
       Acid dragon scale |       |       |       |    43 |    11 |       ||    54
       Crystal plate arm |       |       |       |       |   682 |   564 ||  1246
       Plate armour      |       |       |       |       |    38 |       ||    38
Dodge: Dodged            |    51 |    51 |   118 |   424 |   792 |   369 ||  1805

Table legend: (Time is in decaauts)
 A = Elapsed time spent in this place.
 B = Non-inter-level travel time spent in this place.
 C = Inter-level travel time spent in this place.
 D = Time resting spent in this place.
 E = Time spent auto-exploring this place.
 F = Levels seen in this place.
 G = Mean time per level.
                   A        B        C        D        E       F      G
               +--------+--------+--------+--------+--------+-----+--------+
         Total |  41689 |  39748 |   1941 |   7341 |  25910 |  30 | 1389.6 |
       Dungeon |  18716 |  17759 |    957 |   2049 |  13006 |  15 | 1247.7 |
        Temple |    311 |    226 |     85 |      0 |    207 |   1 |  311.0 |
          Lair |   9955 |   9460 |    495 |   1421 |   6639 |   6 | 1659.2 |
         Swamp |   7008 |   6740 |    268 |   1718 |   3759 |   4 | 1752.0 |
  Orcish Mines |   3751 |   3617 |    134 |   1766 |   1259 |   2 | 1875.5 |
   Elven Halls |   1242 |   1242 |      0 |    387 |    581 |   1 | 1242.0 |
       Volcano |    703 |    703 |      0 |      0 |    459 |   1 |  703.0 |
               +--------+--------+--------+--------+--------+-----+--------+

Top non-repeatable levels by time:
 Swamp:2: 3883 daAuts
  Lair:3: 2435 daAuts
  Lair:6: 2365 daAuts
 Swamp:3: 1923 daAuts
   Orc:1: 1897 daAuts
    D:11: 1881 daAuts
   Orc:2: 1854 daAuts
    D:14: 1754 daAuts
    D:10: 1607 daAuts
  Lair:5: 1464 daAuts
     D:5: 1363 daAuts
     D:3: 1350 daAuts
     D:9: 1334 daAuts
  Lair:1: 1320 daAuts
    D:13: 1265 daAuts
